[Event "23rd ETCC Women 2021"]
[Site "Catez"]
[Date "2021.11.15"]
[Round "4.23"]
[White "Pavlidou, Ekaterini"]
[Black "Sandu, Mihaela"]
[Result "1-0"]
[ECO "E70"]
[WhiteElo "2172"]
[BlackElo "2244"]
[Annotator "NA"]
[PlyCount "97"]
[EventDate "2021.11.08"]
[EventType "team-tourn"]
[EventCountry "SLO"]
[SourceTitle "playchess.com"]
[Source "ChessBase"]
[SourceQuality "1"]
[WhiteTeam "Greece"]
[BlackTeam "Romania"]
[WhiteTeamCountry "GRE"]
[BlackTeamCountry "ROU"]
[TimeControl "40/5400+30:1800+30"]

1. d4 Nf6 2. c4 g6 3. Nc3 Bg7 4. e4 O-O 5. Bd3 d6 6. Nge2 e5 7. d5 c6 8. h3 cxd5 9. cxd5 a5 10. Be3 Na6 11. O-O Nc5 12. Bc2 Bd7 13. a4 Ne8 14. Ra3 Rc8 15.
Qd2 Na6 16. Bd3 Nc5 17. Bc2 Na6 18. f3 Nb4 19. Bb1 Rc4 20.
Nb5 Na6 21. Bd3 Rc8 22. Na7 Ra8 23. Bxa6 bxa6 24. Rc1 f5 25. Nc6 Qf6 26. Bg5 Qf7 27. Nd8 Rxd8 28. Bxd8 fxe4 29. Ng3 e3 30. Qxe3 Qxd5 31. Ne4 Qf7 32. Rd1 Kh8 33. Ng5 Qc4 34. Be7 Rf5 35. Bxd6 Bxa4 36. Rc1 Qb5 37. Ne4 Qd7 38. Qc5 Nxd6 39. Qxd6 Rf8 40. Qxd7 Bxd7 41. Rxa5 Bh6 42. Rc3 Bb5 43. Kf2 Rd8 44. Ra1 Bf8 45. Rac1 Kg7 46. Rc7+ Kh6 47. h4 g5 48. hxg5+ Kg6 49. Rc8 1-0

[Event "23rd ETCC Women 2021"]
[Site "Catez"]
[Date "2021.11.15"]
[Round "4.24"]
[White "Ciolacu, Alessia-Mihaela"]
[Black "Christodoulaki, Antonia"]
[Result "1/2-1/2"]
[ECO "E11"]
[WhiteElo "2263"]
[BlackElo "2075"]
[Annotator "NA"]
[PlyCount "110"]
[EventDate "2021.11.08"]
[EventType "team-tourn"]
[EventCountry "SLO"]
[SourceTitle "playchess.com"]
[Source "ChessBase"]
[SourceQuality "1"]
[WhiteTeam "ROU"]
[BlackTeam "GRE"]
[WhiteTeamCountry "ROU"]
[TimeControl "40/5400+30:1800+30"]

1. d4 Nf6 2. c4 e6 3. Nf3 Bb4+ 4. Nbd2 O-O 5. a3 Bxd2+ 6. Qxd2 b6 7. g3 Bb7 8. Bg2 d6 9. O-O Nbd7 10. b4 c5 11. Bb2 Qe7 12. dxc5 dxc5 13. b5 e5 14. Nh4 Bxg2 15. Nxg2 Qe6 16. Qc2 Qh3 17. f3 Rfe8 18. e4 Nh5 19. Bc3 Nf8 20. a4 Re6 21. a5 Rae8 22. axb6 axb6 23. Ra6 Rh6 24. Bd2 Rg6 25.
Be1 Ne6 26. Ne3 Nd4 27. Qg2 Qd7 28. Nd5 Nf4 29. Nxf4 exf4 30. Qa2 f5 31. Ra8 Qe6 32. Qa7 h5 33. Qb7 Kh7 34. Rxe8 Qxe8 35. exf5 Nxf5 36. Qe4 Qxe4 37. fxe4 Ne3 38. Rxf4 Nxc4 39. Rf5 Re6 40. Rxh5+ Kg6 41. Rh4 Nd6 42. Rg4+ Kf7 43. Bc3 g6 44. e5 Nxb5 45. Bb2 Na7 46. Rh4 Kg7 47. Kf2 Nc6 48. Ke3 g5 49. Rg4 Rg6 50. Ke4 Kf7 51. h4 gxh4 52. Rxg6 Kxg6 53. gxh4 Nxe5 54. Bxe5 Kh5 55. Bf6 Kg4 1/2-1/2

[Event "23rd ETCC Women 2021"]
[Site "Catez"]
[Date "2021.11.15"]
[Round "4.25"]
[White "Sebag, Marie"]
[Black "Shvayger, Yuliya"]
[Result "1/2-1/2"]
[ECO "B30"]
[WhiteElo "2447"]
[BlackElo "2351"]
[Annotator "NA"]
[PlyCount "82"]
[EventDate "2021.11.08"]
[EventType "team-tourn"]
[EventCountry "SLO"]
[SourceTitle "playchess.com"]
[Source "ChessBase"]
[SourceQuality "1"]
[WhiteTeam "France"]
[BlackTeam "Israel"]
[WhiteTeamCountry "FRA"]
[BlackTeamCountry "ISR"]
[TimeControl "40/5400+30:1800+30"]

1. e4 c5 2. Nf3 Nc6 3. Bb5 e6 4. O-O Nge7 5. d4 cxd4 6. Nxd4 Ng6 7. Be3 Be7 8. Be2 O-O 9. c4 b6 10. Nc3 Bb7 11. Nc2 Qc7 12. Qd2 Rad8 13.
Rad1 Qb8 14. b3 f5 15. exf5 Nh4 16. f4 Nb4 17. Ne1 Nxf5 18. Bf2 d5 19. Bf3 d4 20. Ne4 Bxe4 21. Bxe4 Ne3 22. Nd3 Nxf1 23. Rxf1 Nxd3 24. Qxd3 Qxf4 25. Bxh7+ Kh8 26. Be4 Rf6 27. Bf3 Bc5 28. Re1 Bb4 29. Rd1 Qf5 30. Bh4 g5 31. Be4 Qg4 32. Bg3 Bd6 33. Bf3 Qf5 34. Be4 Qc5 35. Bxd6 Qxd6 36. Qh3+ Kg8 37. Qh7+ Kf8 38. Qh8+ Kf7 39. Qh7+ Kf8 40. Qh8+ Kf7 41. Qh7+ Kf8 1/2-1/2

[Event "23rd ETCC Women 2021"]
[Site "Catez"]
[Date "2021.11.15"]
[Round "4.26"]
[White "Shapir, Maya"]
[Black "Milliet, Sophie"]
[Result "0-1"]
[ECO "A10"]
[WhiteElo "2256"]
[BlackElo "2418"]
[Annotator "NA"]
[PlyCount "90"]
[EventDate "2021.11.08"]
[EventType "team-tourn"]
[EventCountry "SLO"]
[SourceTitle "playchess.com"]
[Source "ChessBase"]
[SourceQuality "1"]
[WhiteTeam "Israel"]
[BlackTeam "France"]
[WhiteTeamCountry "ISR"]
[BlackTeamCountry "FRA"]
[TimeControl "40/5400+30:1800+30"]

1. c4 b6 2. Nc3 Bb7 3. e4 e5 4. Nf3 Nc6 5. d3 Nf6 6. g3 Bc5 7. Bh3 d6 8. Nd5 h6 9. O-O O-O 10. Nh4 Nxd5 11. cxd5 Nd4 12. Rb1 a5 13. Be3 c6 14. Bxd4 Bxd4 15. dxc6 Bxc6 16. Nf5 Bd7 17. Qg4 Bxf5 18. Qxf5 Ra7 19. Qf3 Rc7 20. Qe2 Qg5 21. Rfd1 Re8 22. Qd2 Qxd2 23. Rxd2 Ree7 24. Kf1 Rc5 25. Ke2 Rec7 26. Kd1 h5 27. Bg2 g6 28. Bf3 Kg7 29. h4 b5 30. a3 b4 31. axb4 axb4 32. b3 Ra7 33.
g4 hxg4 34. Bxg4 Ra8 35. Ke2 Rh8 36. Rh1 Rc3 37. Rb2 Kf6 38.
Kd2 Ra8 39. Rhb1 Rc7 40. Rc2 Rxc2+ 41. Kxc2 Ra2+ 42. Kd1 Rxf2 43. h5 Kg5 44. hxg6 fxg6 45. Be6 Kf4 0-1

[Event "23rd ETCC Women 2021"]
[Site "Catez"]
[Date "2021.11.15"]
[Round "4.27"]
[White "Benmesbah, Natacha"]
[Black "Levitan, Ronit"]
[Result "1-0"]
[ECO "C77"]
[WhiteElo "2256"]
[BlackElo "2068"]
[Annotator "NA"]
[PlyCount "81"]
[EventDate "2021.11.08"]
[EventType "team-tourn"]
[EventCountry "SLO"]
[SourceTitle "playchess.com"]
[Source "ChessBase"]
[SourceQuality "1"]
[WhiteTeam "France"]
[BlackTeam "Israel"]
[WhiteTeamCountry "FRA"]
[BlackTeamCountry "ISR"]
[TimeControl "40/5400+30:1800+30"]

1. e4 e5 2. Nf3 Nc6 3. Bb5 a6 4. Ba4 Nf6 5. Nc3 b5 6. Bb3 Be7 7. a4 b4 8. Nd5 a5 9. d4 Nxd4 10. Nxd4 exd4 11. O-O O-O 12. Nxe7+ Qxe7 13. Qxd4 c5 14. Qe3 Bb7 15. f3 Rfe8 16. Qf2 d6 17. Rd1 Rad8 18. Be3 Qe5 19. Qg3 Qe7 20. Bg5 Kh8 21. Bc4 h6 22. Qh4 Kg8 23. Bxf6 Qxf6 24. Qxf6 gxf6 25. g4 d5 26. exd5 Re5 27. Re1 Rde8 28. Kf2 Kf8 29. Rxe5 Rxe5 30. Rd1 Ke7 31. d6+ Ke8 32. Bxf7+ Kd7 33. Bc4 Bc6 34. b3 Re8 35. Bd3 Rh8 36. Bf5+ Kd8 37. Re1 h5 38. Kg3 h4+ 39. Kf4 Bd7 40. Re7 Bc6 41. Rc7 1-0

[Event "23rd ETCC Women 2021"]
[Site "Catez"]
[Date "2021.11.15"]
[Round "4.28"]
[White "Katkov, Michelle"]
[Black "Navrotescu, Andreea"]
[Result "1-0"]
[ECO "B22"]
[WhiteElo "2059"]
[BlackElo "2210"]
[Annotator "NA"]
[PlyCount "101"]
[EventDate "2021.11.08"]
[EventType "team-tourn"]
[EventCountry "SLO"]
[SourceTitle "playchess.com"]
[Source "ChessBase"]
[SourceQuality "1"]
[WhiteTeam "Israel"]
[BlackTeam "France"]
[WhiteTeamCountry "ISR"]
[BlackTeamCountry "FRA"]
[TimeControl "40/5400+30:1800+30"]

1. e4 c5 2. c3 Nf6 3. e5 Nd5 4. d4 cxd4 5. cxd4 Nc6 6. Nf3 g6 7. Qb3 e6 8. Nc3 Nxc3 9. bxc3 b6 10. h4 h6 11. Bd3 Bb7 12. c4 Bb4+ 13. Kf1 Be7 14. Bb2 Na5 15.
Qc2 Rc8 16. Qe2 b5 17. cxb5 Bd5 18. Nd2 d6 19. Rh3 Qb6 20. Be4 Bxe4 21. Nxe4 d5 22. Nd2 Rc2 23. Bc3 Rxc3 24. Rxc3 Qxd4 25. Rac1 Qxh4 26. Kg1 O-O 27. Rc7 Bb4 28. Nf3 Qf4 29. g3 Qg4 30. Rxa7 Nc4 31. Rc7 Nd2 32. Kg2 Ba5 33. Ra7 Bb6 34. Ra6 Bxf2 35. Qxf2 Ne4 36. Qe1 f6 37. Nh2 Qg5 38. Rac6 Qxe5 39. Rc8 Qb2+ 40. R1c2 Qxb5 41. Rxf8+ Kxf8 42. Qe3 g5 43. Qa7 Nd6 44. Qc5 Qd7 45. Ng4 Kg7 46. Qc7 Qxc7 47. Rxc7+ Kg6 48. Rc6 Nc4 49. a4 h5 50. Rxc4 dxc4 51. Ne3 1-0

[Event "23rd ETCC Women 2021"]
[Site "Catez"]
[Date "2021.11.15"]
[Round "4.29"]
[White "Stojkovska, Monika"]
[Black "Gara, Ticia"]
[Result "0-1"]
[ECO "B95"]
[WhiteElo "2066"]
[BlackElo "2331"]
[Annotator "NA"]
[PlyCount "74"]
[EventDate "2021.11.08"]
[EventType "team-tourn"]
[EventCountry "SLO"]
[SourceTitle "playchess.com"]
[Source "ChessBase"]
[SourceQuality "1"]
[WhiteTeam "Macedonia"]
[BlackTeam "Hungary"]
[WhiteTeamCountry "MKD"]
[BlackTeamCountry "HUN"]
[TimeControl "40/5400+30:1800+30"]

1. e4 c5 2. Nf3 d6 3. d4 cxd4 4. Nxd4 Nf6 5. Nc3 a6 6. Bg5 e6 7. f4 Be7 8. Qd2 h6 9. Bxf6 Bxf6 10. O-O-O O-O 11. g4 Nc6 12. Nxc6 bxc6 13. h4 Bxh4 14. Qh2 Be7 15. g5 Qb6 16. Rd3 e5 17. Bh3 exf4 18. gxh6 g5 19. Ne2 Bf6 20. Rb3 Qa5 21. Bxc8 Raxc8 22. Rg1 Kh8 23. h7 Rb8 24. Qh6 Qe5 25. c3 f3 26. Nd4 Bg7 27. Qh5 f2 28. Rf1 Rxb3 29. axb3 Qf4+ 30. Kd1 g4 31. Qh4 Bxd4 32. cxd4 Qf3+ 33. Kd2 g3 34. Qe7 Qf4+ 35. Ke2 Qg4+ 36. Kd2 Qg7 37. Qxd6 g2 0-1

[Event "23rd ETCC Women 2021"]
[Site "Catez"]
[Date "2021.11.15"]
[Round "4.30"]
[White "Gaal, Zsoka"]
[Black "Trajkovska, Sanja"]
[Result "1-0"]
[ECO "D02"]
[WhiteElo "2336"]
[BlackElo "1960"]
[Annotator "NA"]
[PlyCount "69"]
[EventDate "2021.11.08"]
[EventType "team-tourn"]
[EventCountry "SLO"]
[SourceTitle "playchess.com"]
[Source "ChessBase"]
[SourceQuality "1"]
[WhiteTeam "Hungary"]
[BlackTeam "Macedonia"]
[WhiteTeamCountry "HUN"]
[BlackTeamCountry "MKD"]
[TimeControl "40/5400+30:1800+30"]

1. Nf3 d5 2. g3 Nc6 3. d4 Bf5 4. Bg2 Nb4 5. Na3 e6 6. O-O Be7 7. c3 Nc6 8. Qb3 Rb8 9. Ne5 Nxe5 10. dxe5 c6 11. c4 Qc7 12. cxd5 exd5 13. Be3 Qa5 14. Nc2 Bc5 15. Nd4 Ne7 16. Nb5 Qb4 17. Bxc5 Qxc5 18. Nd6+ Kf8 19. Qf3 Be6 20. Nxf7 Kg8 21. Nxh8 Kxh8 22. Qc3 Qb6 23. b4 Qc7 24. Rac1 Rd8 25. Rfd1 Ng6 26. f4 Qb6+ 27. Qd4 Ne7 28. e4 g6 29. Qxb6 axb6 30. exd5 Nxd5 31. b5 c5 32. g4 Rd7 33. f5 gxf5 34. gxf5 Ne3 35. fxe6 1-0

[Event "23rd ETCC Women 2021"]
[Site "Catez"]
[Date "2021.11.15"]
[Round "4.31"]
[White "Nikolovska, Dragana"]
[Black "Terbe, Julianna"]
[Result "0-1"]
[ECO "C86"]
[WhiteElo "1877"]
[BlackElo "2318"]
[Annotator "ChessBase"]
[PlyCount "102"]
[EventDate "2021.11.08"]
[EventType "team-tourn"]
[EventCountry "SLO"]
[SourceTitle "playchess.com"]
[Source "ChessBase"]
[SourceQuality "1"]
[WhiteTeam "Macedonia"]
[BlackTeam "Hungary"]
[WhiteTeamCountry "MKD"]
[BlackTeamCountry "HUN"]
[TimeControl "40/5400+30:1800+30"]

1. e4 e5 2. Nf3 Nc6 3. Bb5 a6 4. Ba4 Nf6 5. Qe2 b5 6. Bb3 Be7 7. c3 d5 8. d3 O-O 9. O-O Be6 10. Nbd2 h6 11. Re1 Re8 12. a3 Bd6 13.
Ba2 Ne7 14. Nf1 c5 15. Ng3 Qc7 16. Nh4 Rad8 17. h3 c4 18. Qf3 Nh7 19. Nhf5 dxe4 20. dxe4 Nxf5 21. Nxf5 Bf8 22. Bb1 Rd7 23. Bc2 Red8 24. Be3 a5 25. Kh1 f6 26. Qg4 Kh8 27. Kh2 Bf7 28. h4 h5 29. Qg3 g6 30.
Nh6 Be8 31. Qf3 Bc5 32. Bc1 Kg7 33. g4 Rd2 34. Re2 hxg4 35.
Nxg4 Rxe2 36. Qxe2 f5 37. Bh6+ Kh8 38. exf5 e4+ 39. Kh3 gxf5 40. Ne3 Qf7 41. Rg1 Bf8 42. Bxf8 Qxf8 43. f3 f4 44. Nf1 e3 45. Qg2 Rd5 46. Be4 Rh5 47. Qg4 e2 48. Nd2 Bd7 49. Qxd7 Rxh4+ 50. Kg2 Qg8+ 51. Kf2 Rh2+ 0-1

[Event "23rd ETCC Women 2021"]
[Site "Catez"]
[Date "2021.11.15"]
[Round "4.32"]
[White "Mihok-Juhasz, Barbara"]
[Black "Manova, Ivana"]
[Result "1-0"]
[ECO "C45"]
[WhiteElo "2258"]
[BlackElo "1809"]
[Annotator "NA"]
[PlyCount "87"]
[EventDate "2021.11.08"]
[EventType "team-tourn"]
[EventCountry "SLO"]
[SourceTitle "playchess.com"]
[Source "ChessBase"]
[SourceQuality "1"]
[WhiteTeam "Hungary"]
[BlackTeam "Macedonia"]
[WhiteTeamCountry "HUN"]
[BlackTeamCountry "MKD"]
[TimeControl "40/5400+30:1800+30"]

1. e4 e5 2. Nf3 Nc6 3. d4 exd4 4. Nxd4 Bc5 5. Nb3 Bb6 6.
Nc3 Nge7 7. Qe2 d6 8. Be3 O-O 9. O-O-O f5 10. f4 Qe8 11. g3 Qg6 12. Bg2 Be6 13. Kb1 Rfe8 14. Bxb6 axb6 15. Rhe1 fxe4 16. Bxe4 Bf5 17. Bf3 Qf7 18. g4 Bd7 19. Qd2 Kh8 20. Rf1 Na5 21. Nxa5 Rxa5 22. a3 Bc6 23. Be2 Nd5 24. Bc4 Nxc3+ 25. Qxc3 Qf6 26. Qxf6 gxf6 27. Rde1 Ra4 28. b3 Rxa3 29. Rxe8+ Bxe8 30. Re1 Ra8 31. Re7 Bc6 32. Bd3 Re8 33. Rxh7+ Kg8 34. Rxc7 Re1+ 35. Kb2 Rh1 36. Rh7 Bf3 37. g5 fxg5 38. fxg5 Rg1 39. h4 Rg2 40. Rh6 Rg4 41. Rg6+ Kh8 42. h5 Bd5 43. h6 b5 44. Rxd6 1-0

[Event "23rd ETCC Women 2021"]
[Site "Catez"]
[Date "2021.11.15"]
[Round "4.33"]
[White "Goossens, Hanne"]
[Black "Cramling, Pia"]
[Result "1/2-1/2"]
[ECO "B44"]
[WhiteElo "2126"]
[BlackElo "2457"]
[Annotator "ChessBase"]
[PlyCount "85"]
[EventDate "2021.11.08"]
[EventType "team-tourn"]
[EventCountry "SLO"]
[SourceTitle "playchess.com"]
[Source "ChessBase"]
[SourceQuality "1"]
[WhiteTeam "Belgium"]
[BlackTeam "Sweden"]
[WhiteTeamCountry "BEL"]
[BlackTeamCountry "SWE"]
[TimeControl "40/5400+30:1800+30"]

1. e4 c5 2. Nf3 e6 3. d4 cxd4 4. Nxd4 Nc6 5. c4 Nf6 6. Nc3 Bb4 7. Nxc6 bxc6 8. Bd3 e5 9. O-O Bc5 10. Qe2 d6 11. Be3 Bxe3 12. Qxe3 O-O 13. Rfd1 Qb6 14. c5 Qxb2 15. Bf1 Ng4 16. Qd2 Qxd2 17. Rxd2 dxc5 18. Na4 f5 19. Bc4+ Kh8 20. Nxc5 fxe4 21. Nxe4 Bf5 22. Re1 Bg6 23. f3 Nf6 24. Nc5 Rfe8 25. Rde2 e4 26. Nxe4 Nxe4 27. fxe4 Re5 28. Bb3 Rd8 29. Rc1 Rxe4 30. Rf2 h6 31. Rxc6 Re1+ 32. Rf1 Rxf1+ 33. Kxf1 Be4 34. Re6 Rf8+ 35. Kg1 Bd3 36. Re1 a6 37. Rd1 Be2 38. Re1 Bb5 39. a4 Bd3 40. Rd1 Be2 41. Re1 Bd3 42. Rd1 Be2 43. Re1 1/2-1/2

[Event "23rd ETCC Women 2021"]
[Site "Catez"]
[Date "2021.11.15"]
[Round "4.34"]
[White "Agrest, Inna"]
[Black "Barbier, Wiebke"]
[Result "1-0"]
[ECO "C41"]
[WhiteElo "2258"]
[BlackElo "1964"]
[Annotator "NA"]
[PlyCount "81"]
[EventDate "2021.11.08"]
[EventType "team-tourn"]
[EventCountry "SLO"]
[SourceTitle "playchess.com"]
[Source "ChessBase"]
[SourceQuality "1"]
[WhiteTeam "Sweden"]
[BlackTeam "Belgium"]
[WhiteTeamCountry "SWE"]
[BlackTeamCountry "BEL"]
[TimeControl "40/5400+30:1800+30"]

1. e4 d6 2. d4 Nf6 3. Nc3 e5 4. Nf3 Nbd7 5. Rg1 Be7 6. g4 exd4 7. Nxd4 Ne5 8. g5 Nfd7 9. f4 Ng6 10. Be3 Nc5 11. Qf3 a6 12. O-O-O Bd7 13.
Nf5 Ne6 14. h4 h6 15. h5 Ngxf4 16. Nxe7 Qxe7 17. Bxf4 hxg5 18. Nd5 Qd8 19. Be3 c5 20. Bh3 Qa5 21. Bxe6 Bxe6 22. Bxg5 Rc8 23. h6 gxh6 24. Qf6 Kd7 25. Bf4 Rhe8 26. a3 b5 27. Qxh6 b4 28. Nf6+ Kc6 29. Rxd6+ Kb7 30. Nxe8 bxa3 31. bxa3 Qxa3+ 32. Kd2 Qb4+ 33.
Ke3 Rxe8 34. Qf6 c4 35. Qd4 Re7 36. c3 Qb2 37. Qd2 Qb5 38.
Qd4 Qb2 39. Rd8 Bc8 40. Rxc8 Kxc8 41. Rg8+ 1-0

[Event "23rd ETCC Women 2021"]
[Site "Catez"]
[Date "2021.11.15"]
[Round "4.35"]
[White "Vanduyfhuys, Daria"]
[Black "Andric, Jelena"]
[Result "1-0"]
[ECO "A84"]
[WhiteElo "1933"]
[BlackElo "2041"]
[Annotator "NA"]
[PlyCount "116"]
[EventDate "2021.11.08"]
[EventType "team-tourn"]
[EventCountry "SLO"]
[SourceTitle "playchess.com"]
[Source "ChessBase"]
[SourceQuality "1"]
[WhiteTeam "Belgium"]
[BlackTeam "Sweden"]
[WhiteTeamCountry "BEL"]
[BlackTeamCountry "SWE"]
[TimeControl "40/5400+30:1800+30"]

1. d4 e6 2. c4 b6 3. g3 Bb7 4. Nf3 f5 5. Bg2 Nf6 6. O-O Be7 7. b3 O-O 8. Bb2 d5 9. Nbd2 Ne4 10. Nxe4 fxe4 11. Ne5 c5 12. f3 exf3 13. Bxf3 cxd4 14. Bxd4 Nc6 15. Nxc6 Bxc6 16. Rc1 Ba3 17. Rc3 Qg5 18. Re3 Rf4 19. Re5 Rf5 20. Rxe6 Bd7 21. Re3 Raf8 22. Bxd5+ Rxd5 23. cxd5 Qxd5 24. Rxf8+ Bxf8 25. Qd3 Bc6 26. Qc4 Qxc4 27. bxc4 Kf7 28. Kf2 g6 29. Rc3 Bb4 30. Re3 Bd6 31. a3 h5 32. Rc3 Be7 33.
c5 b5 34. e4 Ke6 35. Kf3 a5 36. Kf4 g5+ 37. Ke3 Bf8 38. Rc2 h4 39. gxh4 gxh4 40. Rg2 Bh6+ 41. Kf3 Bc1 42. Rg6+ Kd7 43. Rd6+ Kc7 44. Be5 Kb7 45. Rd3 Ka6 46. Bf4 Bb2 47. Bd2 Be5 48. h3 b4 49. axb4 a4 50.
Bc3 Bxc3 51. Rxc3 Kb5 52. Kf4 Kxb4 53. Rc1 a3 54. e5 a2 55. e6 Kb3 56. e7 Kb2 57. Re1 Be8 58. Ke5 Bg6 1-0

[Event "23rd ETCC Women 2021"]
[Site "Catez"]
[Date "2021.11.15"]
[Round "4.36"]
[White "Zaritovskaja, Margarita"]
[Black "Barbier, Astrid"]
[Result "1-0"]
[ECO "B72"]
[WhiteElo "2040"]
[BlackElo "1915"]
[Annotator "ChessBase"]
[PlyCount "117"]
[EventDate "2021.11.08"]
[EventType "team-tourn"]
[EventCountry "SLO"]
[SourceTitle "playchess.com"]
[Source "ChessBase"]
[SourceQuality "1"]
[WhiteTeam "Sweden"]
[BlackTeam "Belgium"]
[WhiteTeamCountry "SWE"]
[BlackTeamCountry "BEL"]
[TimeControl "40/5400+30:1800+30"]

1. e4 c5 2. Nf3 Nc6 3. d4 cxd4 4. Nxd4 g6 5. Nc3 Bg7 6. Be3 Nf6 7. Bc4 Qa5 8. O-O O-O 9. Nb3 Qc7 10. f4 d6 11. h3 Bd7 12. Qe1 Rfe8 13.
Rd1 a6 14. a4 Nb4 15. Bd3 Rac8 16. Qf2 Bc6 17. Bb6 Qb8 18. a5 Bd7 19. Ba7 Qc7 20. Bb6 Qb8 21. Rfe1 Be6 22. Nd4 Bc4 23. Bxc4 Rxc4 24. e5 Nfd5 25. Nxd5 Nxd5 26. e6 f5 27. b3 Rb4 28. Qd2 Rxb6 29. axb6 Nxb6 30. c4 Rc8 31. Qf2 Na8 32. Nf3 Rc5 33. Qh4 Qf8 34. Ng5 h6 35.
Nf3 Nc7 36. Qf2 Ne8 37. Rd5 Bc3 38. Rxc5 dxc5 39. Rd1 Bb4 40. Rd8 Kh7 41. Qe2 Ba5 42. Rc8 Bc7 43. Qd2 Bd6 44. Ne5 Qh8 45. Qd1 Bxe5 46. fxe5 b6 47. Qd5 g5 48. g4 h5 49. gxf5 g4 50. hxg4 Qg8 51. Qe4 Qg5 52. f6+ Kh6 53. Rxe8 Qc1+ 54. Kg2 Qd2+ 55. Kg3 h4+ 56. Kh3 Qc3+ 57. Kxh4 exf6 58. Rh8+ Kg7 59. Qh7# 1-0

[Event "23rd ETCC Women 2021"]
[Site "Catez"]
[Date "2021.11.15"]
[Round "4.37"]
[White "Pilsova, Karolina"]
[Black "Zaksaite, Salomeja"]
[Result "0-1"]
[ECO "A16"]
[WhiteElo "2281"]
[BlackElo "2250"]
[Annotator "ChessBase"]
[PlyCount "102"]
[EventDate "2021.11.08"]
[EventType "team-tourn"]
[EventCountry "SLO"]
[SourceTitle "playchess.com"]
[Source "ChessBase"]
[SourceQuality "1"]
[WhiteTeam "Czech Republic"]
[BlackTeam "Lithuania"]
[WhiteTeamCountry "CZE"]
[BlackTeamCountry "LTU"]
[TimeControl "40/5400+30:1800+30"]

1. Nf3 Nf6 2. c4 g6 3. Nc3 d5 4. cxd5 Nxd5 5. e4 Nxc3 6.
dxc3 Qxd1+ 7. Kxd1 f6 8. Be3 e5 9. Nd2 Be6 10. Bc4 Bxc4 11.
Nxc4 Nd7 12. Kc2 Bc5 13. Rhd1 Bxe3 14. Nxe3 O-O-O 15. b4 Nb6 16. Rxd8+ Rxd8 17. a4 c6 18. a5 Nd7 19. Rf1 Kc7 20. Nc4 Re8 21. Rd1 Re6 22. Rd3 Re7 23. h4 f5 24. exf5 gxf5 25. Nd6 f4 26.
Ne4 b6 27. g4 fxg3 28. fxg3 c5 29. b5 bxa5 30. Rd6 Nb6 31. Rc6+ Kd8 32. Rxc5 a4 33. Rc6 Rc7 34. Rd6+ Ke7 35. Rh6 Kf8 36. g4 Nd5 37. Kb2 Rc4 38. Nf6 Nxc3 39. Rxh7 Nxb5 40. Nd7+ Kg8 41. Nf6+ Kf8 42. g5 a3+ 43. Kb3 Rc3+ 44. Kb4 Rf3 45. Rh8+ Kf7 46. Rd8 a2 47. Rd1 Nd4 48. Nd7 Rb3+ 49. Kc5 Rb1 50. Nxe5+ Ke6 51. Rxd4 Kxe5 0-1

[Event "23rd ETCC Women 2021"]
[Site "Catez"]
[Date "2021.11.15"]
[Round "4.38"]
[White "Baginskaite, Kamile"]
[Black "Petrova, Kristyna"]
[Result "1/2-1/2"]
[ECO "D76"]
[WhiteElo "2100"]
[BlackElo "2275"]
[Annotator "ChessBase"]
[PlyCount "115"]
[EventDate "2021.11.08"]
[EventType "team-tourn"]
[EventCountry "SLO"]
[SourceTitle "playchess.com"]
[Source "ChessBase"]
[SourceQuality "1"]
[WhiteTeam "Lithuania"]
[BlackTeam "Czech Republic"]
[WhiteTeamCountry "LTU"]
[BlackTeamCountry "CZE"]
[TimeControl "40/5400+30:1800+30"]

1. d4 Nf6 2. c4 g6 3. Nf3 Bg7 4. g3 d5 5. cxd5 Nxd5 6. Bg2 Nb6 7. Nc3 Nc6 8. e3 O-O 9. O-O a5 10. d5 Nb4 11. e4 f5 12. Ng5 h6 13. a3 hxg5 14. axb4 axb4 15. Rxa8 Nxa8 16. Na2 Nb6 17. Bxg5 fxe4 18. Bxe4 Bf5 19. Bg2 Qd7 20. Nxb4 Rf7 21. b3 Bh3 22. Qd2 Qf5 23. Bxh3 Qxh3 24. Re1 Qf5 25. Bxe7 Bc3 26. Qxc3 Qxf2+ 27. Kh1 Rxe7 28. Nd3 Qf3+ 29. Kg1 Nxd5 30. Qc4 Rxe1+ 31. Nxe1 Qe3+ 32. Kf1 Qe6 33.
Ng2 c6 34. h4 Kh7 35. Kg1 Qe5 36. Kh2 Kg7 37. Qg4 Nf6 38. Qf3 Qb2 39. Kh3 Qb1 40. Nf4 Qf5+ 41. g4 Qe5 42. b4 Ne4 43. Nd3 Qd5 44. Kh2 Qd4 45.
Kg2 Nd2 46. Qe2 Qd5+ 47. Kg3 Ne4+ 48. Kf4 g5+ 49. hxg5 Nxg5 50. Qe5+ Qxe5+ 51. Kxe5 Nf7+ 52. Ke6 b6 53. Nb2 Nh6 54. Kd6 c5 55. b5 Nxg4 56. Nc4 Nf6 57. Nxb6 Ne4+ 58. Kc6 1/2-1/2

[Event "23rd ETCC Women 2021"]
[Site "Catez"]
[Date "2021.11.15"]
[Round "4.39"]
[White "Miturova, Magdalena"]
[Black "Simkunaite, Gabija"]
[Result "1/2-1/2"]
[ECO "A11"]
[WhiteElo "2248"]
[BlackElo "1962"]
[Annotator "NA"]
[PlyCount "108"]
[EventDate "2021.11.08"]
[EventType "team-tourn"]
[EventCountry "SLO"]
[SourceTitle "playchess.com"]
[Source "ChessBase"]
[SourceQuality "1"]
[WhiteTeam "Czech Republic"]
[BlackTeam "Lithuania"]
[WhiteTeamCountry "CZE"]
[BlackTeamCountry "LTU"]
[TimeControl "40/5400+30:1800+30"]

1. Nf3 d5 2. c4 c6 3. e3 Nf6 4. Nc3 a6 5. b3 Bg4 6. h3 Bh5 7. g4 Bg6 8. Ne5 d4 9. exd4 Qxd4 10. Nxg6 hxg6 11. Rg1 Nbd7 12. Qe2 O-O-O 13. Qe3 e5 14. Bb2 Nc5 15. O-O-O Qxe3 16. dxe3 Rxd1+ 17. Kxd1 Be7 18. Kc2 Rd8 19. f4 exf4 20. exf4 Ne6 21. Ne2 Ne4 22. Bc1 Bc5 23. Rg2 g5 24. f5 Nf8 25. Ng3 Nxg3 26. Rxg3 f6 27. Rd3 Re8 28. Bd2 Nd7 29. b4 Ba7 30.
c5 Bb8 31. Re3 Rxe3 32. Bxe3 Bg3 33. Be2 Kc7 34. Bd2 a5 35. a3 axb4 36. axb4 Ne5 37. Kc3 Bf2 38. Bd1 b5 39. cxb6+ Kxb6 40. Be2 Nd7 41. Kc2 Ne5 42. Bc3 Nf7 43. Kd2 Nd6 44. Bd3 c5 45. Ke2 cxb4 46. Bxb4 Bc5 47. Be1 Kc6 48. Kf3 Kd7 49. h4 gxh4 50. Bxh4 Ke7 51. g5 fxg5 52. Bxg5+ Kf7 53. Kg4 Bd4 54. Bc2 Nxf5 1/2-1/2

[Event "23rd ETCC Women 2021"]
[Site "Catez"]
[Date "2021.11.15"]
[Round "4.40"]
[White "Sibajeva, Marija"]
[Black "Nemcova, Karin"]
[Result "1/2-1/2"]
[ECO "B53"]
[WhiteElo "1946"]
[BlackElo "2169"]
[Annotator "NA"]
[PlyCount "82"]
[EventDate "2021.11.08"]
[EventType "team-tourn"]
[EventCountry "SLO"]
[SourceTitle "playchess.com"]
[Source "ChessBase"]
[SourceQuality "1"]
[WhiteTeam "Lithuania"]
[BlackTeam "Czech Republic"]
[WhiteTeamCountry "LTU"]
[BlackTeamCountry "CZE"]
[TimeControl "40/5400+30:1800+30"]

1. e4 c5 2. Nf3 d6 3. d4 cxd4 4. Qxd4 Nc6 5. Bb5 Bd7 6. Bxc6 Bxc6 7. Nc3 Nf6 8. Bg5 e5 9. Qd3 Qb6 10. O-O Nd7 11. Be3 Qa5 12. a3 Nc5 13.
Bxc5 Qxc5 14. Rfd1 Rc8 15. b4 Qb6 16. Rd2 a6 17. Nd5 Bxd5 18.
Qxd5 Qc6 19. Rc1 g6 20. Qxc6+ bxc6 21. Rd3 Be7 22. c4 f5 23. Re1 O-O 24. c5 d5 25. Nxe5 fxe4 26. Rh3 Bg5 27. f3 Rfe8 28. Ng4 h5 29. Ne3 d4 30. Nc4 e3 31. Nb2 e2 32. f4 Bxf4 33.
Nc4 Rcd8 34. Rd3 Be3+ 35. Nxe3 dxe3 36. Rd6 Rxd6 37. cxd6 Re6 38. Rxe2 Kf7 39. g3 Rxd6 40. Rxe3 Rd2 41. Rc3 Ra2 1/2-1/2